 Dungeon Crawl Stone Soup version 0.28.0 (webtiles) character file.

Game seed: 12916817188795312670

105 enile the Magician (level 5, -2/35 HPs)
             Began as a Djinni Fire Elementalist on Feb 15, 2022.
             Was a Follower of Okawaru.
             Slain by a scorpion (7 damage)
             ... on level 3 of the Dungeon.
             The game lasted 00:01:20 (3146 turns).

enile the Magician (Djinni Fire Elementalist)       Turns: 3146, Time: 00:01:20

Health: -2/35      AC:  2    Str:  7    XL:     5   Next: 9%
Gold:   77         EV: 12    Int: 18    God:    Okawaru [*.....] SH:  0 Dex: 14

rFire   + + .      SeeInvis .   (no weapon)
rCold   x . .      Faith    .   (no shield)
rNeg    . . .      Spirit   .   a - +0 robe
rPois   ∞          Reflect  .   (no helmet)
rElec   .          Harm     .   (no cloak)
rCorr   .          Rampage  .   (no gloves)
Will    .....                   (boots unavailable)
Stlth   ++........              (no amulet)
HPRegen 0.11/turn               (no ring)
MPRegen 0.00/turn               (no ring)

@: flying
A: sickness immunity, fire resistance 2, cold vulnerability 1, float, innate
caster, HP casting, extra vitality 1
a: Renounce Religion, Heroism


You were on level 3 of the Dungeon.
You worshipped Okawaru.
Okawaru was aware of your devotion.
You visited 1 branch of the dungeon, and saw 3 of its levels.

You collected 77 gold pieces.

Inventory:

Missiles
 f - 6 atropa-tipped darts
Armour
 a - a +0 robe (worn)
Jewellery
 i - a ring of positive energy
Wands
 m - a wand of digging (9)
Scrolls
 c - a scroll of fog {unknown}
 d - a scroll of identify {unknown}
 e - 2 scrolls of blinking {unknown}
Potions
 b - a potion of degeneration {unknown}
 g - a potion of resistance {unknown}
 h - a potion of curing {unknown}
 j - a potion of brilliance {unknown}
 k - a potion of mutation {unknown}
 l - a potion of heal wounds {unknown}


   Skills:
 - Level 2.1 Dodging
 - Level 1.5 Stealth
 + Level 4.2 Spellcasting


You couldn't memorise any spells.
You knew the following spells:

 Your Spells              Type           Power      Damage    Failure   Level
a - Foxfire               Conj/Fire      72%        2x1d7     2%          1
b - Scorch                Fire           36%        2d7       3%          2
c - Conjure Flame         Conj/Fire      18%        6-21      8%          3
d - Inner Flame           Hex/Fire       18%        N/A       8%          3
e - Flame Wave            Conj/Fire      18%        2d6       26%         4
f - Sting                 Tmut/Pois      72%        1d6       2%          1
g - Call Imp              Summ           18%        N/A       3%          2
Your spell library was empty.

Dungeon Overview and Level Annotations

Branches:
Dungeon (3/15)

Altars:
Okawaru


Innate Abilities, Weirdness & Mutations

You are immune to sickness and miasma.
You are immune to poison.
Your flesh is very heat resistant. (rF++)
You are vulnerable to cold. (rC-)
You float through the air rather than walking.
You learn spells naturally, not from books.
Your magical power is your life essence.
You have superior vitality. (+4 MHP)


Message History

The foxfire hits the scorpion but does no damage.
The scorpion is lightly wounded.
Your magical contamination has completely faded away.
A scorpion is nearby!
Casting: Foxfire (safe; 2% risk of failure)
Confirm with . or Enter, or press ? or * to list all spells.
You conjure some foxfire!
The foxfire hits the scorpion but does no damage.
The scorpion is lightly wounded.
A scorpion is nearby!
Casting: Foxfire (safe; 2% risk of failure)
Confirm with . or Enter, or press ? or * to list all spells.
You conjure some foxfire!
The scorpion stings you! The scorpion stings you. The scorpion stings you!
A scorpion is nearby!
Casting: Foxfire (safe; 2% risk of failure)
Confirm with . or Enter, or press ? or * to list all spells.
There is not enough space to conjure foxfire!
A scorpion is nearby!
Casting: Foxfire (safe; 2% risk of failure)
Confirm with . or Enter, or press ? or * to list all spells.
Flames lash the scorpion.
The scorpion is moderately wounded.
The scorpion's fire resistance burns away.
* * * LOW HITPOINT WARNING * * *
You hear an angry hiss.
The scorpion stings you.
* * * LOW HITPOINT WARNING * * *
An iguana comes into view.
The scorpion barely misses you.
Casting: Scorch (safe; 3% risk of failure)
Confirm with . or Enter, or press ? or * to list all spells.
Flames lash the iguana.
The iguana is severely wounded.
The iguana's fire resistance burns away.
* * * LOW HITPOINT WARNING * * *
The scorpion misses you.
The scorpion is no longer more vulnerable to fire.
The scorpion stings you!
You die...

####### #)..... #.####.
.##.##############.# #.
.....ls@...........# #.
..#.###################.
..................
..#####.########## #.#
#.## #..# ##.#
#############.#


You could see a scorpion and an iguana (combustible).

Vanquished Creatures
  3 adders
  4 dart slugs
  6 ball pythons
  4 bats
  4 endoplasms
  4 giant cockroaches
  6 goblins
  13 hobgoblins
  3 jackals (D:2)
  2 quokkas
  5 frilled lizards
  5 kobolds
  7 rats
66 creatures vanquished.

Vanquished Creatures (collateral kills)
  2 foxfires (D:1)
2 creatures vanquished.

Vanquished Creatures (others)
  246 foxfires
  4 plants (D:1)
  6 withered plants (D:1)
256 creatures vanquished.

Grand Total: 324 creatures vanquished

Notes
Turn   | Place    | Note
-------+----------+-------------------------------------------
     0 | D:1      | enile the Djinni Fire Elementalist began the quest for the
                  | Orb.
     0 | D:1      | Reached XP level 1. HP: 15/15 MP: 0/0
   186 | D:1      | Reached XP level 2. HP: 18/21 MP: 0/0
   412 | D:1      | Reached skill level 3 in Spellcasting
   603 | D:1      | Reached XP level 3. HP: 17/25 MP: 0/0
   603 | D:1      | Learned a level 1 spell: Sting
  1158 | D:1      | Found a faded altar of an unknown god.
  1372 | D:1      | Prayed at the altar of an unknown god.
  1372 | D:1      | Became a worshipper of Warmaster Okawaru
  1372 | D:1      | Reached * piety under Okawaru
  1834 | D:2      | Reached XP level 4. HP: 29/31 MP: 0/0
  2231 | D:2      | Reached skill level 4 in Spellcasting
  2651 | D:3      | Reached XP level 5. HP: 33/35 MP: 0/0
  2651 | D:3      | Learned a level 2 spell: Call Imp
  3146 | D:3      | Slain by a scorpion

Illustrated notes

Levels and vault maps discovered:
D:1:      onia_arrival_pentagram, layout_loops_cross,
          shapermc_ecumenical_altar_flowoftime
D:2:      minmay_inner_zag, layout_basic
D:3:      layout_basic, fedhas_altar_4, minmay_misc_feat_alley,
          grunt_ministairs_13, kennysheep_generic_room_10

Skill      XL: |  1  2  3  4 |
---------------+-------------+-----
Spellcasting   | 3 4 |  4.2
Dodging        | |  2.1
Stealth        | |  1.5

Action                   |  1- 3 |  4- 6 || total
-------------------------+-------+-------++-------
Melee: Unarmed           |    15 |       ||    15
       Punch             |     1 |       ||     1
 Cast: Foxfire           |    88 |    80 ||   168
       Scorch            |     2 |     3 ||     5
Armor: Robe              |     3 |     7 ||    10
Dodge: Dodged            |     2 |    13 ||    15
